 Dungeon Sprint DCSS version 0.30.1-9-gdf580d7c3d (webtiles) character file.

Game seed: 12744920916267744103

78 Heoruswealwe the Poker (level 4, -11/44 HPs)
             Began as a Minotaur Fighter on Oct 25, 2023.
             Mangled by a hornet (13 damage)
             ... in the Dungeon (Sprint IX: "|||||||||||||||||||||||||||||").
             The game lasted 00:00:52 (108 turns).

Heoruswealwe the Poker (Minotaur Fighter)            Turns: 108, Time: 00:00:53

Health: -11/44     AC:  7    Str: 22    XL:     4   Next: 15%
Magic:  3/3        EV:  9    Int:  5    God:
Gold:   0          SH:  4    Dex: 10    Spells: 3/3 levels left

rFire   . . .        a - +0 trident
rCold   . . .        d - +0 buckler
rNeg    . . .        c - +0 scale mail
rPois   .            (helmet restricted)
rElec   .            (no cloak)
rCorr   .            (no gloves)
SInv    .            (no boots)
Will    .....        (no amulet) Stlth
                     (no ring)
HPRegen 0.27/turn    (no ring)
MPRegen 0.08/turn

%: no teleportation
@: lethally poisoned (-11 -> -29), slowed, very slow
A: horns 2, retaliatory headbutt
a: no special abilities


You were in the Dungeon.
You visited 1 branch

Inventory:

Hand Weapons
 a - a +0 trident (weapon)
Armour
 c - a +0 scale mail (worn)
 d - a +0 buckler (worn)
Jewellery
 m - a +3 ring of strength
 n - a +3 ring of strength
Wands
 l - a wand of acid (10)
Scrolls
 j - 2 scrolls of blinking
 k - 2 scrolls of amnesia
Potions
 b - a potion of might
 e - 5 potions of curing
 f - 3 potions of heal wounds
 g - a potion of haste
 h - a potion of invisibility
 i - a potion of berserk rage


   Skills:
 + Level 6.1 Fighting
 * Level 7.3 Polearms
 + Level 6.0 Armour
 - Level 3.6 Shields


You had 3 spell levels left.
You didn't know any spells.
Your spell library was empty.

Dungeon Overview and Level Annotations

Branches:
Dungeon (1/1)

Altars:
Cheibriados
Dithmenos
Elyvilon
Fedhas
Gozag
Hepliaklqana
Kikubaaqudgha
Makhleb
Nemelex Xobeh
Okawaru
Qazlal
Ru
Sif Muna
Trog
Uskayaw
Vehumet
Wu Jian
Xom
Yredelemnul
Zin
The Shining One
Jiyva
Lugonu


Innate Abilities, Weirdness & Mutations

You have a pair of horns on your head.
You reflexively headbutt those who attack you in melee.


Message History

Items here: )))))).
Okay, then.
You see here a +0 pair of gloves.
You see here a +0 cloak.
You see here a +1 scale mail.
m - a +3 ring of strength
n - a +3 ring of strength You open the door.
A wight, a two-headed ogre, an acid dragon, a vampire, a howler monkey and a hornet come into view.
The wight is wielding a +4 war axe of freezing.
The two-headed ogre shouts in stereo!
The acid dragon roars!
The howler monkey howls!
The hornet buzzes angrily.
The hornet stings you!
You are poisoned.
You feel yourself slow down.
You puncture the hornet!
The hornet is moderately wounded.
You feel very sick. You block the hornet's attack. The hornet stings you.
You feel as though you will be slow longer.
You barely miss the hornet.
The hornet is moderately wounded.
You feel sick. You block the hornet's attack. The hornet barely misses you.
The howler monkey hoots and howls with incredible vigour!
You hear a horrible gurgling sound!
You barely miss the hornet. Your headbutt misses the hornet.
The hornet is moderately wounded.
You feel yourself speed up.
You feel sick. The hornet barely misses you. The hornet stings you!
You are more poisoned.
You feel yourself slow down.
You closely miss the hornet.
The hornet is moderately wounded.
You feel yourself speed up.
You feel very sick. The hornet stings you!
* * * LOW HITPOINT WARNING * * *
You are more poisoned.
You feel yourself slow down. The hornet stings you!
You die... ▓▓▓▓▓▓▓▓▓▓▓▓▓▓▓▓▓▓▓▓▓▓▓▓ .zODVhy@.[[[.).!'_______ ▓▓▓▓▓▓▓▓▓▓▓▓▓▓▓▓▓▓▓▓▓▓▓▓

You could see a two-headed ogre, a hornet, a vampire, an acid dragon, a howler monkey (catching breath) and a wight.

Vanquished Creatures
  A hound (D)
  An orc wizard (D)
  2 adders (D)
  An orc (D)
  2 ball pythons (D)
  An endoplasm (D)
  A frilled lizard (D)
  A rat (D)
10 creatures vanquished.

Notes
Turn   | Place    | Note
-------+----------+-------------------------------------------
     0 | D        | Heoruswealwe the Minotaur Fighter began the quest for the
                  | Orb.
     0 | D        | Reached XP level 1. HP: 19/19 MP: 0/0
    12 | D        | Reached skill level 3 in Polearms
    22 | D        | Noticed a hound
    22 | D        | Noticed an orc wizard
    31 | D        | Killed an orc wizard
    32 | D        | Reached skill level 5 in Fighting
    32 | D        | Reached skill level 5 in Polearms
    32 | D        | Reached skill level 5 in Armour
    32 | D        | Reached XP level 2. HP: 26/29 MP: 1/1
    32 | D        | Reached XP level 3. HP: 32/36 MP: 2/2
    38 | D        | Reached skill level 6 in Polearms
    47 | D        | Reached skill level 7 in Polearms
    47 | D        | Reached XP level 4. HP: 40/44 MP: 3/3
    62 | D        | Found a snail-covered altar of Cheibriados.
    62 | D        | Found a shadowy altar of Dithmenos.
    62 | D        | Found a white marble altar of Elyvilon.
    62 | D        | Found a blossoming altar of Fedhas.
    62 | D        | Found an opulent altar of Gozag.
    63 | D        | Found a hazy altar of Hepliaklqana.
    64 | D        | Found a viscous altar of Jiyva.
    65 | D        | Found an ancient bone altar of Kikubaaqudgha.
    66 | D        | Found a corrupted altar of Lugonu.
    67 | D        | Found a burning altar of Makhleb.
    68 | D        | Found a sparkling altar of Nemelex Xobeh.
    69 | D        | Found an iron altar of Okawaru.
    70 | D        | Found a stormy altar of Qazlal.
    71 | D        | Found a sacrificial altar of Ru.
    72 | D        | Found a shimmering blue altar of Sif Muna.
    73 | D        | Found a bloodstained altar of Trog.
    74 | D        | Found a hide-covered altar of Uskayaw.
    75 | D        | Found a radiant altar of Vehumet.
    76 | D        | Found an ornate altar of the Wu Jian Council.
    77 | D        | Found a shimmering altar of Xom.
    78 | D        | Found a basalt altar of Yredelemnul.
    79 | D        | Found a glowing silver altar of Zin.
    80 | D        | Found a glowing golden altar of the Shining One.
   104 | D        | Noticed a two-headed ogre
   104 | D        | Noticed an acid dragon
   104 | D        | Noticed a vampire
   104 | D        | Noticed a hornet
   108 | D        | HP: 2/44 [hornet (11)]
   108 | D        | Mangled by a hornet

Illustrated notes

Levels and vault maps discovered:
D:        linesprint [early_d, line_temple, items_1, d_10, items_2, lair_1,
          lair_end, items_3, orc_1, orc_end, items_4, d_15, swamp_1, shoals_1,
          snake_1, spider_1, d_20, vaults_1, items_5, swamp_end, shoals_end,
          snake_end, spider_end, vaults_end, d_27, items_6, zot_1, zot_end,
          crypt_end, forest_end, elf_end, slime_end, tomb_end, abyss_end,
          pan_hell_end]

Skill      XL: |  1  2  3  4 |
---------------+-------------+-----
Polearms       | 5 7 |  7.3
Fighting       | 5 6 |  6.1
Armour         | 5 6 |  6.0
Shields        | |  3.6

Action                     |  1- 3 |  4- 6 || total
---------------------------+-------+-------++-------
  Melee: Trident           |    35 |    13 ||    48
         Headbutt          |     2 |     1 ||     3
 Armour: Scale mail        |    12 |     6 ||    18
  Dodge: Dodged            |    11 |     3 ||    14
  Block: Buckler           |     8 |     5 ||    13
